 Dungeon Crawl Stone Soup version 0.28-a0-850-g09de17f5b5 (webtiles) character file.

Game seed: 14246694130366181041

710 avis the Insei (level 7, 0/48 HPs)
             Began as an Octopode Transmuter on Nov 13, 2021.
             Slain by a gnoll (6 damage)
             ... on level 5 of the Dungeon.
             The game lasted 00:28:41 (5794 turns).

avis the Insei (Octopode Transmuter)                Turns: 5794, Time: 00:28:41

Health: 0/48       AC:  6    Str: 12    XL:     7   Next: 68%
Magic:  8/10       EV: 20    Int: 15    God:
Gold:   213        SH:  0    Dex: 17    Spells: 2/10 levels left

rFire   . . .      SeeInvis .     - Unarmed
rCold   . . .      Faith    .   (shield currently unavailable)
rNeg    . . .      Spirit   .   (helmet currently unavailable)
rPois   x          Reflect  .   (no amulet)
rElec   .          Harm     .   l - +4 ring of protection
rCorr   .          Rampage  .   (no ring)
Will    .....                   (no ring)
Stlth   +.........              (no ring)
HPRegen 0.16/turn               (no ring)
MPRegen 0.12/turn               (no ring)
                                (no ring)
                                (no ring)

@: lit by a corona, spider-form (expiring), hasted, glowing, very quick
A: venomous fangs, almost no armour, (amphibious), 8 rings, tiny, (camouflage
1), (gelatinous body 1), (nimble swimmer 1), (tentacles)
a: End Transformation


You were on level 5 of the Dungeon.
You were a venomous arachnid creature.
You visited 2 branches of the dungeon, and saw 6 of its levels.

You collected 213 gold pieces.

Inventory:

Hand Weapons
 h - a +1 spear of freezing
 u - a +2 mace of protection
Missiles
 a - 16 bolts
 i - 16 arrows
 k - 24 stones
Jewellery
 l - a +4 ring of protection (left front leg)
Wands
 o - a wand of iceblast (8)
 w - a wand of flame (16)
Scrolls
 e - 2 scrolls of enchant armour {unknown}
 g - 5 scrolls of teleportation {unknown}
 m - a scroll of blinking {unknown}
 r - a scroll of fear {unknown}
 s - a scroll of acquirement {unknown}
 v - a scroll of noise {unknown}
Potions
 b - a potion of ambrosia {unknown}
 c - 2 potions of haste
 d - a potion of resistance
 f - a potion of lignification
 j - a potion of curing {unknown}
 n - a potion of flight
 p - 2 potions of might
 t - a potion of attraction {unknown}


   Skills:
 - Level 4.0 Fighting
 - Level 3.0 Dodging
 - Level 1.0 Stealth
 * Level 6.7 Unarmed Combat
 - Level 2.0 Spellcasting
 - Level 3.0 Transmutations
 - Level 2.0 Poison Magic


You had 2 spell levels left.
You knew the following spells:

 Your Spells              Type           Power      Damage    Failure   Level
a - Beastly Appendage     Tmut           20%        N/A       17%         1
p - Spider Form           Tmut/Pois      9%         N/A       45%         3
q - Ice Form              Ice/Tmut       6%         N/A       89%         4

Your spell library contained the following spells:

 Spells                   Type           Power      Damage    Failure   Level
 Wereblood                Tmut           10%        N/A       24%         2
 Magic Dart               Conj           4%         1d3       43%         1
 Ensorcelled Hibernation  Hex/Ice        2%         N/A       54%         2
 Searing Ray              Conj           2%         2d4       54%         2
 Static Discharge         Conj/Air       1%         N/A       54%         2
 Gell's Gravitas          Tloc           1%         N/A       75%         3
 Lesser Beckoning         Tloc           1%         N/A       75%         3
 Teleport Other           Tloc           1%         N/A       75%         3
 Fulminant Prism          Conj/Hex       0%         3d6       98%         4
 Summon Ice Beast         Ice/Summ       1%         N/A       98%         4
 Lightning Bolt           Conj/Air       0%         1d11      100%        5
 Summon Mana Viper        Hex/Summ       1%         N/A       100%        5
 Monstrous Menagerie      Summ           0%         N/A       100%        7
 Maxwell's Capacitive Co  Air            0%         ∞         100%        8


Dungeon Overview and Level Annotations

Branches:
Dungeon (5/15)             Temple (1/1) D:5

Altars:
Cheibriados
Dithmenos
Elyvilon
Fedhas
Kikubaaqudgha
Makhleb
Nemelex Xobeh
Okawaru
Qazlal
Sif Muna
Trog
Uskayaw
Vehumet
Wu Jian
Yredelemnul
Zin
The Shining One

Annotations:
D:4 3 runed translucent doors, bande's ghost, amateur GrFi


Innate Abilities, Weirdness & Mutations

You are a venomous arachnid creature.
You have poisonous fangs.
You are tiny and dextrous.
Your spellcasting is less reliable in this form.
Your armour is entirely melded.
You are incapable of wielding weapons or throwing items.
You cannot wear most types of armour.
((You are amphibious.))
You can wear up to eight rings at the same time.
((Your skin changes colour to match your surroundings (Stealth+).))
((Your rubbery body absorbs attacks. (AC +1, EV +1)))
((You are camouflaged near water. (Stealth+)))
((You have tentacles for arms and can constrict up to eight enemies at once.))


Message History

The gnoll shaman hits you with a +0 whip.
Casting: Spider Form (dangerous; 24% risk of failure)
Confirm with . or Enter, or press ? or * to list all spells.
You turn into a venomous arachnid creature.
The gnoll shaman zaps a wand.
You suddenly lose the ability to move!
The gnoll hits you from afar with a +0 spear.
The gnoll shaman hits you with a +0 whip!
The gnoll hits you from afar with a +0 spear.
The gnoll shaman utters an invocation to its god.
The gnoll shaman is healed somewhat.
The gnoll hits you from afar with a +0 spear. x2
The gnoll shaman zaps a wand.
You resist with some effort.
You can move again.
Your transformation is almost over.
The gnoll barely misses you. The gnoll shaman completely misses you.
You hit the gnoll but do no damage.
The gnoll is poisoned.
The gnoll misses you. The gnoll shaman barely misses you.
You hit the gnoll.
The gnoll is moderately wounded.
The gnoll hits you with a +0 spear.
You barely miss the gnoll.
The gnoll is moderately wounded.
The gnoll shaman hits you with a +0 whip.
The gnoll hits you with a +0 spear.
* * * LOW HITPOINT WARNING * * *
The gnoll shaman hits you with a +0 whip.
* * * LOW HITPOINT WARNING * * *
The gnoll completely misses you.
The gnoll shaman zaps a wand.
You suddenly lose the ability to move!
The gnoll shaman zaps a wand.
You resist with some effort.
The now-empty wand crumbles to dust.
The gnoll barely misses you.
You can move again.
The gnoll shaman calls upon its god to heal the gnoll.
The gnoll is healed somewhat.
You feel yourself speed up.
The gnoll shaman calls upon its god to heal the gnoll.
The gnoll is healed somewhat.
The gnoll misses you.
The gnoll shaman mumbles some strange prayers to its god.
The gnoll shaman is healed somewhat.
The gnoll hits you with a +0 spear.
You die...

...#..# ##..#..........
..##..## ##..##..........
..###..## ####..##.......g...
.## #...##
###.....###.......... .#
##..<.####........###....g....
## #...........###.g.#
###....... #
##[.##......##gg#...# ##......
#.###..#....#.g###..# ##....
####..##....#.s# ...# ##..
##..###....#..# #.... ##
##..## #....#.## #.... ###..##
#....### .... ....## #...##
... ...## #...# ...# #...#
..## #...# #. ..# #...# #..


You could see a gnoll shaman (poisoned) and 2 gnolls.

Vanquished Creatures
  An ice beast (Temple)
  A phantom (D:5)
  A scorpion (D:5)
  2 hounds (D:4)
  A gnoll shaman (D:5)
  A jelly (D:4)
  2 bullfrog skeletons
  Ijyb (D:3)
  An iguana (D:4)
  An orc wizard (D:4)
  A killer bee zombie (D:5)
  A hound skeleton (D:4)
  9 gnolls
  2 adders
  A white imp (D:5)
  An ufetubus (D:4)
  An adder skeleton (D:5)
  A worm (D:4)
  2 dart slugs
  6 orcs
  4 ball pythons
  2 bat skeletons (D:2)
  2 endoplasms
  5 giant cockroaches
  3 goblins
  4 hobgoblins
  3 jackals (D:2)
  6 quokkas
  A ball python skeleton (D:2)
  5 bats
  2 frilled lizards (D:1)
  A giant cockroach zombie (D:2)
  2 kobolds
  A quokka zombie (D:2)
  3 rats (D:1)
81 creatures vanquished.

Notes
Turn   | Place    | Note
-------+----------+-------------------------------------------
     0 | D:1      | avis the Octopode Transmuter began the quest for the Orb.
     0 | D:1      | Reached XP level 1. HP: 13/13 MP: 3/3
   402 | D:1      | Reached XP level 2. HP: 18/19 MP: 3/5
  1252 | D:2      | Reached XP level 3. HP: 24/24 MP: 4/6
  1266 | D:1      | Learned a level 3 spell: Spider Form
  1620 | D:2      | Reached skill level 4 in Unarmed Combat
  1926 | D:2      | Reached skill level 1 in Poison Magic
  1989 | D:2      | Reached skill level 1 in Stealth
  2163 | D:2      | Found a sparkling altar of Nemelex Xobeh.
  2373 | D:3      | Noticed Ijyb
  2564 | D:3      | Killed Ijyb
  2565 | D:3      | Reached XP level 4. HP: 12/30 MP: 5/7
  3126 | D:4      | Reached XP level 5. HP: 33/36 MP: 8/8
  3295 | D:4      | Learned a level 4 spell: Ice Form
  3415 | D:4      | Reached XP level 6. HP: 43/43 MP: 6/9
  3484 | D:4      | Found a runed translucent gate.
  3486 | D:4      | Found a runed translucent gate.
  3492 | D:4      | Found a runed translucent gate.
  3494 | D:4      | Noticed bande's ghost (amateur GrFi)
  3614 | D:4      | Reached skill level 5 in Unarmed Combat
  3623 | D:4      | Found a radiant altar of Vehumet.
  4608 | D:5      | Entered Level 5 of the Dungeon
  4856 | D:5      | Found a staircase to the Ecumenical Temple.
  4864 | Temple   | Entered the Ecumenical Temple
  5019 | D:5      | Reached XP level 7. HP: 44/48 MP: 7/10
  5138 | Temple   | Reached skill level 6 in Unarmed Combat
  5409 | D:5      | Found a white marble altar of Elyvilon.
  5529 | D:5      | Found an ornate altar of the Wu Jian Council.
  5547 | D:5      | Found a snail-covered altar of Cheibriados.
  5780 | D:5      | Paralysed by a gnoll shaman for 5 turns
  5790 | D:5      | Paralysed by a gnoll shaman for 2 turns
  5794 | D:5      | Slain by a gnoll

Illustrated notes

Levels and vault maps discovered:
D:1:      minmay_arrival_radiant_lines, layout_basic, st_stairs_6
D:2:      layout_basic, serial_undead, serial_undead_f, serial_undead_f,
          serial_undead_b, serial_undead_b, basic_altar
D:3:      layout_rooms, minmay_crystal_room, uniq_ijyb
D:4:      layout_rooms, vehumet_crystals, gammafunk_ghost_split,
          chequers_decorated_corner
D:5:      layout_cave_pods, mainiacjoe_overflow_alcove_4,
          mainiacjoe_overflow_catwalk, kennysheep_little_box,
          minmay_temple_entry_wispy, lightli_corner_chamber, uniq_sigmund,
          uniq_edmund
Temple:   nicolae_temple_hex_pool

Skill      XL: |  1  2  3  4  5  6  7 |
---------------+----------------------+-----
Fighting       | 2 3 4 |  4.0
Unarmed Combat | 4 5 6 |  6.7
Poison Magic   | 1 2 |  2.0
Stealth        | 1 |  1.0
Dodging        | 3 |  3.0
Transmutations | 3 |  3.0
Spellcasting   | |  2.0

Action                   |  1- 3 |  4- 6 |  7- 9 || total
-------------------------+-------+-------+-------++-------
Melee: Unarmed           |    91 |    99 |    46 ||   236
       Kick              |    25 |    12 |     2 ||    39
       Constrict         |    25 |    12 |     1 ||    38
       Tentacles         |    12 |     8 |     4 ||    24
       Punch             |     1 |     1 |       ||     2
 Cast: Beastly Appendage |    33 |    13 |     3 ||    49
       Spider Form       |     1 |    14 |     8 ||    23
  Use: Scroll            |       |     5 |     1 ||     6
       Potion            |       |       |     1 ||     1
 Stab: Sleeping          |    10 |     3 |       ||    13
Armor: Skin              |    11 |    20 |    10 ||    41
Dodge: Dodged            |    39 |    55 |    47 ||   141

Table legend: (Time is in decaauts)
 A = Elapsed time spent in this place.
 B = Non-inter-level travel time spent in this place.
 C = Inter-level travel time spent in this place.
 D = Time resting spent in this place.
 E = Time spent auto-exploring this place.
 F = Levels seen in this place.
 G = Mean time per level.
                   A        B        C        D        E       F      G
               +--------+--------+--------+--------+--------+-----+--------+
         Total |   5791 |   5336 |    455 |   2011 |   2080 |   6 |  965.2 |
       Dungeon |   5405 |   4957 |    448 |   1767 |   2024 |   5 | 1081.0 |
        Temple |    386 |    379 |      7 |    244 |     56 |   1 |  386.0 |
               +--------+--------+--------+--------+--------+-----+--------+

Top non-repeatable levels by time:
     D:1: 1323 daAuts
     D:2: 1206 daAuts
     D:4: 1170 daAuts
     D:3: 1075 daAuts
     D:5: 630 daAuts
  Temple: 386 daAuts
